[Event "Late-Titled-Tuesday-Blitz-May-28-2024"]
[Site "Chess.com"]
[Date "2024.05.28"]
[Round "8"]
[White "Rodalquilar"]
[Black "Slovak_fighter2000"]
[Result "0-1"]
[WhiteElo "2782"]
[BlackElo "2565"]
[TimeControl "180+1"]
[EndTime "15:29:43 PDT"]
[Termination "Slovak_fighter2000 won on time"]

1. d4 Nf6 2. Nf3 g6 3. Bf4 Bg7 4. e3 O-O 5. Be2 d6 6. O-O b6 7.
h3 Bb7 8. Bh2 Nbd7 9. a4 a6 10.
Nbd2 c5 11. c3 Ne4 12. Nxe4 Bxe4 13. Nd2 Bb7 14. Bf3 Qc8 15. Qb3 Bxf3 16. Nxf3 Qb7 17. Rfd1 b5 18. axb5 axb5 19. dxc5 Nxc5 20. Qb4 Ra4 21.
Rxa4 bxa4 22. Qxb7 Nxb7 23. Nd4 Nc5 24. Nc6 Bf6 25.
Kf1 Rc8 26. Nb4 Ra8 27. Nd5 a3 28.
Nxf6+ exf6 29. bxa3 Rxa3 30. Bxd6 Rxc3 31. Be7 Kg7 32. g4 Ne4 33. Rd8 g5 34. Bf8+ Kg6 35.
Bb4 Rc1+ 36. Ke2 f5 37. f3 Nc3+ 38. Bxc3 Rxc3 39. Rg8+ Kf6 40. Rh8 Kg7 41. Rd8 fxg4 42.
hxg4 f6 43. Kd2 Ra3 44. Rc8 Kg6 45. Ke2 h5 46. gxh5+ Kxh5 47. Rg8 Kh6 48. e4 Kh7 49. Rd8 Kg6 50. Rd6 Kf7 51. Rb6 Ra2+ 52. Ke3 Ra5 53. Kf2 Re5 54. Kg3 Re6 55. Rb7+ Kg6 56.
Kg4 Ra6 57. Rb5 Ra4 58. Rb6 Rc4 59. Kg3 Rc1 60. e5 Kf5 61. exf6 Rc7 62. Kf2 Rf7 63. Kg3 Rxf6 64. Rb5+ Kg6 65. Kg4 Rf4+ 66. Kg3 Rf5 67. Rc5 Rxc5 0-1

[Event "Late-Titled-Tuesday-Blitz-May-28-2024"]
[Site "Chess.com"]
[Date "2024.05.28"]
[Round "8"]
[White "WilsonPalencia21"]
[Black "Quattroporte300"]
[Result "0-1"]
[WhiteElo "2570"]
[BlackElo "2417"]
[TimeControl "180+1"]
[EndTime "15:29:43 PDT"]
[Termination "Quattroporte300 won by checkmate"]

1. d4 Nf6 2. c4 g6 3. Nf3 Bg7 4. Nc3 O-O 5. e4 d6 6. Be2 Nbd7 7. Qc2 e5 8. d5 a5 9. Bg5 h6 10. Be3 Nc5 11. Nd2 Kh7 12. h3 Nfd7 13. g4 Nb6 14.
h4 a4 15. Nf1 f5 16. h5 f4 17. hxg6+ Kxg6 18. Bxc5 dxc5 19. Nd2 Bf6 20. O-O-O Bg5 21.
Bf3 Bd7 22. Kb1 Qe7 23. Qd3 Nc8 24. Rh5 Nd6 25. Rdh1 Rh8 26. Be2 Kg7 27. Qh3 Be8 28. Rxg5+ Qxg5 29. Nf3 Qe7 30. g5 h5 31. Qg2 Bg6 32.
Nh4 Qf7 33. Bf3 b6 34. Qf1 Qe7 35. Rg1 Qf7 36. Kc2 Ra5 37. Qh3 Nxc4 38. Nf5+ Kf8 39. Nh6 Qe8 40. Rh1 Nd6 41. Bxh5 Bxh5 42. Qxh5 Qxh5 43. Rxh5 Kg7 44. Nf5+ Nxf5 45. Rxh8 Nd4+ 46. Kd3 Kxh8 47. Kc4 Kg7 48. d6 cxd6 49. Kd5 Kg6 50. Kxd6 Kxg5 51. Kxe5 Nf3+ 52. Kd5 Ra8 53. Kc6 Rd8 54.
Kxb6 Rd2 55. Nxa4 Rxf2 56. Kxc5 Rc2+ 57. Kd5 Rd2+ 58. Kc4 Ne5+ 59. Kc3 Rd3+ 60. Kc2 f3 61. b4 f2 62. b5 f1=Q 63. b6 Qd1+ 64. Kb2 Qxa4 65.
b7 Nc4+ 66. Kb1 Rd1# 0-1

[Event "Late-Titled-Tuesday-Blitz-May-28-2024"]
[Site "Chess.com"]
[Date "2024.05.28"]
[Round "8"]
[White "Statham_01"]
[Black "mostafa_sakha"]
[Result "1-0"]
[WhiteElo "2706"]
[BlackElo "2387"]
[TimeControl "180+1"]
[EndTime "15:29:44 PDT"]
[Termination "Statham_01 won on time"]

1. e4 e5 2. Nf3 Nc6 3. c3 Nf6 4. d4 d5 5. Bb5 exd4 6. e5 Ne4 7. cxd4 Bb4+ 8. Nbd2 Nxd2 9. Bxd2 Bxd2+ 10. Qxd2 Bd7 11. O-O Ne7 12. Bd3 h6 13. Rac1 c6 14. Rce1 Qb6 15. h3 a5 16. b3 Be6 17. Bc2 g5 18. Nh2 Qb4 19. Qe3 Bf5 20. Bxf5 Nxf5 21. Qf3 Nxd4 22. Qf6 Kd7 23. Qxf7+ Qe7 24. e6+ Nxe6 25. Qg6 Raf8 26. Ng4 h5 27. Ne5+ Kc7 28. Nxc6 Qf6 29. Ne7 Qxe7 30.
Rxe6 Qc5 31. Qxg5 Kb8 32. Qe5+ Ka7 33. Rd6 Rhg8 34. Qxd5 Qc3 35. Qd4+ Qxd4 36. Rxd4 Rf3 37. Kh2 Rc3 38. Rd5 b6 39. Rxh5 Rc2 40. Rh7+ Ka6 41.
a4 Rc3 42. Rd1 Rxb3 43. Rdd7 Ra8 44. Rd6 Rb4 45. Rhh6 Rb8 46. g4 Rxa4 47. g5 Ra2 48. Rhf6 a4 49. g6 Rb2 50. g7 Rg8 51. Rf7 a3 52.
Rdd7 a2 53. Ra7+ Kb5 54. Kg3 Kb4 55. f4 Kb3 56. Rfb7 Kc2 57. f5 1-0

[Event "Late-Titled-Tuesday-Blitz-May-28-2024"]
[Site "Chess.com"]
[Date "2024.05.28"]
[Round "8"]
[White "ATM622"]
[Black "merinasian"]
[Result "1/2-1/2"]
[WhiteElo "2579"]
[BlackElo "2462"]
[TimeControl "180+1"]
[EndTime "15:29:47 PDT"]
[Termination "Game drawn by stalemate"]

1. d4 d6 2. g3 Nd7 3. Bg2 g6 4. Nf3 Bg7 5. O-O e5 6. dxe5 dxe5 7. e4 Ne7 8. Nbd2 O-O 9. Nc4 b6 10. Bh3 Nc5 11. Bxc8 Qxc8 12. Nfxe5 Nxe4 13. Qe2 Qb7 14. Re1 Nc5 15. Be3 Nf5 16. Qf3 Qxf3 17. Nxf3 Nxe3 18. Rxe3 Rfe8 19. Rae1 Rxe3 20. Rxe3 Kf8 21. c3 Rd8 22. Kg2 Nd3 23. Nd4 Bxd4 24. Rxd3 Bf6 25. Rxd8+ Bxd8 26. Ne5 Bg5 27. f4 Bf6 28. Ng4 Be7 29. Kf3 h5 30.
Ne5 Bd6 31. Nc6 a5 32. Ke4 Bc5 33. h3 f5+ 34. Kd5 Bf2 35. Ne5 Bxg3 36. Nxg6+ Kg7 37. Ne7 Kf6 38. Ng8+ Kf7 39. Nh6+ Kg6 40. Ng8 Bxf4 41.
Ne7+ Kf6 42. Nc6 Bd6 43. b4 axb4 44. cxb4 Kg5 45. Kd4 Kh4 46. Ke3 Kxh3 47. Kf3 h4 48. a4 Kh2 49. a5 bxa5 50. bxa5 Bc5 51. a6 Kh1 52. a7 Bxa7 53. Nxa7 h3 54. Kf2 c5 55.
Nb5 c4 56. Nc3 f4 57. Kf1 Kh2 58. Kf2 f3 59. Ne4 Kh1 60. Ng3+ Kh2 61. Nf1+ Kh1 62. Nd2 c3 63. Nb3 c2 64. Nc1 Kh2 65. Nd3 Kh1 66. Nc1 h2 67. Kf1 f2 68. Nd3 c1=Q+ 69. Nxc1 1/2-1/2

[Event "Late-Titled-Tuesday-Blitz-May-28-2024"]
[Site "Chess.com"]
[Date "2024.05.28"]
[Round "8"]
[White "Zorbos"]
[Black "Smoking_Crow"]
[Result "1-0"]
[WhiteElo "2744"]
[BlackElo "2576"]
[TimeControl "180+1"]
[EndTime "15:29:50 PDT"]
[Termination "Zorbos won by resignation"]

1. e4 e5 2. Nf3 Nc6 3. Bb5 Nf6 4.
O-O Nxe4 5. d4 Nd6 6. Bxc6 dxc6 7. dxe5 Nf5 8. Qxd8+ Kxd8 9. Rd1+ Ke8 10. Nc3 Be6 11. h3 Bb4 12. Ne4 Bd5 13. Ned2 Rd8 14. Rf1 h5 15. a3 Be7 16. Re1 c5 17. Ne4 b6 18.
Bg5 Bxe4 19. Rxe4 Bxg5 20. Nxg5 Rd2 21. e6 f6 22. Nf3 Rxc2 23. b4 c4 24. Nd4 Nd6 25.
Re3 Rd2 26. Nc6 a6 27. a4 Nf5 28. Rc3 Nd6 29. b5 a5 30. Re3 Rh6 31. Rg3 g5 32. Re1 Rg6 33. f4 Rd3 34. Rxd3 cxd3 35. fxg5 fxg5 36. e7 Nc4 37. Rf1 Rg8 38. Rf3 d2 39.
Rd3 Kf7 40. Kf2 Re8 41. Ke2 Ke6 42. Rd8 Kf7 43. Rd4 Nd6 44. Kxd2 Ke6 45. Kd3 h4 46. Rg4 Kf6 47. Kc3 Nf5 48. Re4 Nxe7 49. Kb3 Kf7 50. Ne5+ Kf8 51. Nd7+ Kg7 52. Re1 Kf7 53.
Ne5+ Kf6 54. Nf3 Rd8 55. Rc1 Nd5 56. Rc4 Re8 57. Rc6+ Kf5 58. Kc4 Rd8 59. Nd4+ Ke5 60. Re6+ Kf4 61. Rg6 Ne3+ 62. Kc3 Nf5 63. Ne6+ Ke5 64.
Nxd8 1-0

[Event "Late-Titled-Tuesday-Blitz-May-28-2024"]
[Site "Chess.com"]
[Date "2024.05.28"]
[Round "8"]
[White "temus_galaktionov"]
[Black "SRob2003"]
[Result "0-1"]
[WhiteElo "2868"]
[BlackElo "2696"]
[TimeControl "180+1"]
[EndTime "15:29:52 PDT"]
[Termination "SRob2003 won on time"]

1. d4 Nf6 2. Nf3 d5 3. c4 e6 4. Nc3 Bb4 5. cxd5 exd5 6. Bg5 h6 7. Bxf6 Qxf6 8. e3 O-O 9. Bd3 c6 10. O-O Bd6 11. e4 dxe4 12. Nxe4 Qd8 13. Re1 Be6 14. Nc5 Bxc5 15. dxc5 Nd7 16. b4 Bd5 17. Be4 Bxe4 18. Rxe4 Nf6 19. Rd4 Qe7 20. Qd2 Rfe8 21. Re1 Qc7 22. Rd1 a5 23. a3 axb4 24. axb4 Nd5 25. h3 Qe7 26. Re1 Qf6 27. Rde4 Rxe4 28. Rxe4 Qa1+ 29. Kh2 Qb1 30. Qd4 Qc2 31. Rg4 f6 32.
b5 Re8 33. bxc6 bxc6 34. Rg3 Qf5 35. Qa4 Ne7 36. Qa7 Qd5 37. Nh4 h5 38. Re3 Qd8 39. Qb7 Kf8 40. f4 Qb8 41. Qxb8 Rxb8 42. g4 hxg4 43. hxg4 Rb5 44. Rc3 Nd5 45. Rc4 Rb3 46. Nf5 Rf3 47. Ra4 Rxf4 48. Ra8+ Kf7 49. Ra7+ Ke6 50.
Kg3 Rc4 51. Nxg7+ Ke5 52. Ra8 Rc3+ 53. Kh4 Rxc5 54. Re8+ Kd6 55. Kh5 Nc7+ 56. Kg6 Nxe8 57. Nxe8+ Ke7 58. Nxf6 Re5 59. g5 c5 60. Ng8+ Ke6 61.
Kh6 Re1 62. g6 c4 63. g7 c3 64. Ne7 Rh1+ 0-1

[Event "Late-Titled-Tuesday-Blitz-May-28-2024"]
[Site "Chess.com"]
[Date "2024.05.28"]
[Round "8"]
[White "crazy_but_lazy"]
[Black "kinga2008"]
[Result "1-0"]
[WhiteElo "2663"]
[BlackElo "2420"]
[TimeControl "180+1"]
[EndTime "15:29:52 PDT"]
[Termination "crazy_but_lazy won by resignation"]

1. d4 Nf6 2. Nf3 b6 3. Bf4 Bb7 4. e3 d5 5. Be2 e6 6. O-O Bd6 7.
Nbd2 Bxf4 8. exf4 O-O 9. c3 Nbd7 10. Bd3 c5 11. Re1 Rc8 12. Ne5 h6 13. f5 Re8 14.
Qa4 c4 15. fxe6 Rxe6 16. Bf5 Nxe5 17. dxe5 Nd7 18. Bxe6 fxe6 19. Qc2 Nc5 20. Nf3 Qf8 21. Nd4 Qf7 22. Re3 Rf8 23. Rf3 Qe7 24. Rxf8+ Kxf8 25. Qg6 Bc8 26. Re1 Qf7 27. Qxf7+ Kxf7 28. Re2 Nd3 29.
g3 g5 30. h3 Nc1 31. Re1 Nd3 32. Re2 Nc1 33. Rd2 a5 34. b3 Ba6 35. Kg2 b5 36. bxc4 bxc4 37. Rb2 Ke7 38. Rb6 Bc8 39. Rc6 Bd7 40. Rc7 Nxa2 41. Ra7 a4 42. f4 gxf4 43.
gxf4 Nxc3 44. f5 Kd8 45. f6 Be8 46. Nxe6+ Kc8 47. Nd4 Ne4 48. f7 Bxf7 49. Rxf7 c3 50. Ra7 Nc5 51. Kf2 Kb8 52. Ra5 Ne4+ 53. Ke3 Kc7 54. Rxa4 Kd7 55. Ra7+ Ke8 56. e6 Nd6 57. Kf4 c2 58. Nxc2 Nb5 59. Rh7 d4 60. Nb4 d3 61. Nxd3 Nd4 62. Ke5 Nf3+ 63. Kd6 Kf8 64. Ra7 Ng5 65. e7+ Kf7 66. Ne5+ Kf6 67. e8=Q Ne4+ 68. Kc6 Kf5 69. Rf7+ Nf6 70. Rxf6+ Ke4 71. Qh5 Kd4 72. Qxh6 Kc3 73. Qg5 Kd4 74. h4 1-0

[Event "Late-Titled-Tuesday-Blitz-May-28-2024"]
[Site "Chess.com"]
[Date "2024.05.28"]
[Round "8"]
[White "hansen"]
[Black "artin10862"]
[Result "1-0"]
[WhiteElo "3066"]
[BlackElo "3019"]
[TimeControl "180+1"]
[EndTime "15:30:02 PDT"]
[Termination "hansen won on time"]

1. e4 c5 2. Nf3 Nc6 3. Bb5 e6 4. O-O Nge7 5. Re1 a6 6. Bf1 Ng6 7. g3 Be7 8. c3 d5 9. exd5 exd5 10. d4 O-O 11. Be3 cxd4 12. Nxd4 Nge5 13. Nd2 Bg4 14. Be2 Qd7 15. Bxg4 Nxg4 16. N2f3 Rfe8 17. Qd2 Bc5 18.
Rad1 Nge5 19. Kg2 Qg4 20. Nxe5 Nxe5 21. f3 Qg6 22. b3 Rad8 23. Bf2 h5 24. Re3 Bxd4 25. Qxd4 Nc6 26. Qd3 Qf6 27. Rxe8+ Rxe8 28. Re1 Rxe1 29. Bxe1 Qe6 30. Bf2 f6 31. h4 Kf7 32.
Be3 g6 33. Qd2 Qf5 34. Bf4 Qe6 35. Qd3 Ne7 36. Qd2 Nf5 37. Qd3 Ke8 38. Kf2 Kd7 39.
Qd2 Kc8 40. Qd3 Ne7 41. Kg2 Kd7 42. Qd2 Ke8 43. Qd3 Kf7 44. Be3 Qf5 45. Qd2 Nc6 46.
Bf4 d4 47. cxd4 Qd5 48. Be3 Ne7 49. Qd3 Nf5 50. Bf2 g5 51. Qe4 Ne7 52. hxg5 fxg5 53. Be3 g4 54. Kf2 Ke8 55. Qf4 gxf3 56. Qxf3 Kd7 57.
Qxd5+ Nxd5 58. Kf3 Ke6 59. Ke4 Nc3+ 60. Kf4 Nxa2 61.
Kg5 Nc3 62. Kxh5 Nd5 63. Bd2 Kf5 64. g4+ Ke4 65. g5 Kxd4 66. Kg6 Ke5 67. Kf7 Kf5 68.
g6 Nf6 69. g7 b5 70. Bc3 Ng4 71. Kf8 Nh6 72. Bd2 1-0

[Event "Late-Titled-Tuesday-Blitz-May-28-2024"]
[Site "Chess.com"]
[Date "2024.05.28"]
[Round "8"]
[White "jcibarra"]
[Black "IMRosen"]
[Result "1/2-1/2"]
[WhiteElo "2898"]
[BlackElo "2733"]
[TimeControl "180+1"]
[EndTime "15:30:10 PDT"]
[Termination "Game drawn by repetition"]

1. e4 c5 2. Nf3 Nc6 3. Nc3 g6 4. d4 cxd4 5. Nxd4 Bg7 6. Be3 Nf6 7. Bc4 O-O 8. Bb3 Re8 9. f4 d6 10. h3 Na5 11. O-O b6 12. e5 Nxb3 13. axb3 dxe5 14. fxe5 Nd5 15. Qf3 Nxe3 16. Qxe3 Bb7 17. Rad1 Qc7 18.
Rde1 a6 19. Qf4 Rf8 20. Qh4 Bxe5 21. Nf3 Bf6 22. Qh6 Rad8 23. Kh1 Bg7 24. Qh4 Rd7 25. Ng5 h6 26. Nf3 b5 27. b4 Qc4 28.
Qg3 Bxf3 29. Rxf3 Qxb4 30. Ne4 Qxb2 31. c3 a5 32. Rf2 Qa3 33. Qg4 Rc7 34. Qe2 b4 35. cxb4 axb4 36. Qb5 b3 37. Rf3 Qa2 38. Rxb3 Rc2 39. Rg3 h5 40. Ng5 Rb2 41. Qc5 Re2 42.
Rf1 h4 43. Rg4 Bf6 44. Nf3 Re8 45. Qb5 Rd8 46. Qc5 Rb8 47. Qc6 Rbb2 48. Qc8+ Kg7 49.
Nxh4 Rxg2 50. Nxg2 Rb3 51. Qc4 Rxh3+ 52. Kg1 Qa7+ 53.
Rf2 Rc3 54. Qf1 Qc7 55. Qe2 Rc1+ 56. Rf1 Qc5+ 57. Qf2 Qc6 58. Rxc1 Qxc1+ 59. Kh2 Qh6+ 60. Kg3 Qh5 61. Kf3 Qf5+ 62. Rf4 Qd5+ 63. Re4 Bh4 64. Qd4+ Qxd4 65. Rxd4 e5 66. Rxh4 f5 67. Rh1 Kf6 68. Ne3 e4+ 69. Kf4 g5+ 70. Kg3 f4+ 71. Kg4 fxe3 72. Re1 Ke5 73. Kg3 Kd4 74. Rd1+ Kc3 75. Kg2 e2 76. Ra1 Kd2 77. Ra2+ Kd1 78. Ra1+ Kd2 79. Ra2+ Kd1 80. Ra1+ Kd2 1/2-1/2

[Event "Late-Titled-Tuesday-Blitz-May-28-2024"]
[Site "Chess.com"]
[Date "2024.05.28"]
[Round "8"]
[White "Onthequiet"]
[Black "ReadySkate"]
[Result "1/2-1/2"]
[WhiteElo "2439"]
[BlackElo "2695"]
[TimeControl "180+1"]
[EndTime "15:30:13 PDT"]
[Termination "Game drawn - insufficient material"]

1. e4 c5 2. b3 d5 3. exd5 Nf6 4. Nc3 Nxd5 5. Bb5+ Bd7 6. Bc4 Nxc3 7. dxc3 e6 8. Nf3 Nc6 9. O-O Be7 10. Bf4 g5 11. Bd6 g4 12. Bxe7 Qxe7 13. Nd2 O-O-O 14. Qxg4 Rhg8 15. Qe2 Qg5 16. g3 h5 17. Ne4 Qe5 18. Rad1 Kb8 19. Nd6 Qf6 20. Qxh5 Ne5 21. f4 Ng4 22.
Ne4 Qe7 23. Qxc5 Qe8 24. Be2 Bc6 25. Rxd8+ Qxd8 26. Qd6+ Qxd6 27. Nxd6 Ne3 28. Nxf7 Nxf1 29. Bxf1 Kc7 30. Bd3 a5 31. a4 Bd5 32. c4 Bc6 33. Kf2 Rg7 34. Ng5 Kd6 35. h4 Ke7 36. Be4 Bxe4 37.
Nxe4 b6 38. h5 Rg8 39. Kf3 Rd8 40. g4 Rd1 41. h6 Kf7 42. g5 Kg6 43. c5 bxc5 44.
Nxc5 Rc1 45. Nxe6 Rxc2 46. Ke4 Re2+ 47. Kd5 Rb2 48. Nd4 Rf2 49. Ke5 Rb2 50. h7 Kxh7 51. f5 Kg7 52. Ke6 Rd2 53. f6+ Kg6 54. Ke5 Rd3 55. f7 Kxf7 56. Ke4 Rc3 57. Kd5 Kg6 58. Nc6 Rxb3 59. Nxa5 Rb4 60. Nc6 Rxa4 61. Ne5+ Kxg5 62.
Nd3 Kf5 63. Nc5 Ra1 64. Kd4 Rd1+ 65. Ke3 Rd5 66. Nd3 Ra5 67. Nb4 Ra4 68. Nc6 Ke6 69. Nd4+ Kd5 70. Nf5 Re4+ 71. Kd3 Ke5 72. Ne3 Ra4 73. Nc4+ Kf4 74. Nb6 Rb4 75. Nd5+ Ke5 76. Nxb4 1/2-1/2

[Event "Late-Titled-Tuesday-Blitz-May-28-2024"]
[Site "Chess.com"]
[Date "2024.05.28"]
[Round "8"]
[White "RobertJFischer71"]
[Black "ckgchess"]
[Result "0-1"]
[WhiteElo "2673"]
[BlackElo "2878"]
[TimeControl "180+1"]
[EndTime "15:30:15 PDT"]
[Termination "ckgchess won by resignation"]

1. e4 e5 2. Nf3 Nf6 3. Nxe5 d5 4.
exd5 Qxd5 5. d4 Nc6 6. Nc3 Bb4 7. Bd2 Qxd4 8. Nxc6 bxc6 9. Bd3 Bg4 10. f3 Be6 11. Qe2 O-O 12. Qf2 Qe5+ 13. Qe2 Qd4 14. Qf2 Qe5+ 15. Qe2 Qh5 16. O-O Rfe8 17. Ne4 Nd5 18. c4 Bxd2 19. cxd5 Bf4 20. dxe6 Bxh2+ 21. Kf2 Rxe6 22. Rh1 Qh4+ 23. g3 Bxg3+ 24. Kg2 Qf4 25. Qd2 Qxd2+ 26. Nxd2 Bf4 27. Ne4 Rd8 28. Bc4 Rg6+ 29.
Kf2 Kf8 30. Rad1 Rxd1 31. Rxd1 Ke7 32. Nc5 Bd6 33. Ne4 Be5 34. b3 h5 35. Rh1 Bd4+ 36. Ke2 f5 37. Nd2 Rg5 38. f4 Rg4 39. Kf3 g6 40. Nf1 Kd6 41. Ne3 Bxe3 42. Kxe3 Kc5 43. Kf3 Kb4 44. a4 a5 45. Bf7 h4 46. Be8 c5 47. Bf7 Rg3+ 48. Kf2 Rg4 49. Kf3 c6 50.
Bc4 Kc3 51. Rh3 Kd4 52. Rh1 Rg3+ 53. Kf2 Rg4 54. Kf3 Kc3 55. Rh2 Kb4 56. Kf2 Rxf4+ 57. Ke3 g5 58. Rh1 Re4+ 59. Kd3 Rf4 60. Ke3 Rg4 61. Rf1 Rg3+ 62. Ke2 f4 63. Be6 h3 64. Rf3 Rg2+ 65. Kf1 Rg3 66. Rxg3 fxg3 67. Bxh3 Kxb3 68. Bd7 Kxa4 69. Bxc6+ Kb3 70. Bd5+ c4 71. Kg2 a4 72. Kxg3 a3 73. Bxc4+ Kxc4 74. Kg4 a2 75. Kxg5 a1=Q 0-1

[Event "Late-Titled-Tuesday-Blitz-May-28-2024"]
[Site "Chess.com"]
[Date "2024.05.28"]
[Round "8"]
[White "RuperezA"]
[Black "OparinGrigoriy"]
[Result "0-1"]
[WhiteElo "2730"]
[BlackElo "3054"]
[TimeControl "180+1"]
[EndTime "15:30:20 PDT"]
[Termination "OparinGrigoriy won by resignation"]

1. e4 c5 2. Nf3 Nc6 3. Bb5 e5 4. O-O Bd6 5. c3 a6 6. Ba4 b5 7.
Bc2 Nge7 8. h3 Ng6 9. d4 cxd4 10. cxd4 exd4 11. Nxd4 Nxd4 12. Qxd4 Qc7 13. Qd1 O-O 14. Nc3 Bb7 15. Bb3 Rae8 16. Nd5 Qd8 17. Re1 Qh4 18. Qg4 Qxg4 19. hxg4 Ne5 20. f3 Nc4 21. Ne3 Bc5 22.
Kf1 Na5 23. Bd5 Bxe3 24. Bxe3 Bxd5 25. exd5 Rc8 26. b3 f6 27. Rac1 Nb7 28. Bf4 Kf7 29. d6 Rxc1 30. Rxc1 Na5 31. Rc7 Ke6 32. Ra7 Nc6 33. Rxa6 b4 34. a3 bxa3 35. Rxa3 Rb8 36.
Kf2 Nd4 37. b4 Nc6 38. Bd2 Rb5 39. Rd3 Rb6 40. Re3+ Kxd6 41. Re8 Nxb4 42. Rg8 g5 43. Rg7 Nd5 44. Rxh7 Rb2 45. Ke1 Ke6 46. Rh8 Kf7 47.
Rd8 Ke7 48. Ra8 Nc7 49. Ra4 Ne6 50. Ra6 Nc5 51. Ra5 Rxd2 52. Rxc5 Rxg2 53. Rf5 Ke6 54.
Kf1 Ra2 55. f4 gxf4 56. Rxf4 d5 57. Ke1 Rc2 58. Rf3 Ke5 59. Rf5+ Ke6 60. Rf3 Rc4 61. Rg3 Kf7 62. g5 f5 63. g6+ Kg7 64. Rd3 Re4+ 65. Kf2 d4 66. Rg3 Rg4 67. Rf3 Kxg6 68. Ra3 Kg5 69. Ra8 Rh4 70. Rd8 Kf6 71. Kg3 Rg4+ 72. Kf3 Ke5 73. Re8+ Kd5 74. Rf8 Rg5 75. Kf4 Rh5 76.
Rd8+ Kc4 77. Rc8+ Kd3 78. Rd8 Kc3 79. Rc8+ Kd2 80. Rd8 d3 81. Rc8 Rh1 82. Kxf5 Re1 83.
Kf4 Re7 84. Kf3 Kd1 85. Kf2 d2 86. Rc5 Rf7+ 87. Kg2 Rf4 88. Rc6 Ke2 89. Re6+ Kd3 0-1

[Event "Late-Titled-Tuesday-Blitz-May-28-2024"]
[Site "Chess.com"]
[Date "2024.05.28"]
[Round "8"]
[White "MKlose11"]
[Black "GothamChess"]
[Result "0-1"]
[WhiteElo "2619"]
[BlackElo "2806"]
[TimeControl "180+1"]
[EndTime "15:30:29 PDT"]
[Termination "GothamChess won by resignation"]

1. e4 d5 2. exd5 Qxd5 3. Nc3 Qa5 4. d4 Nf6 5. Bd3 Bg4 6. f3 Bf5 7. Ne2 Bxd3 8. Qxd3 e6 9. O-O Nc6 10. Ne4 Be7 11.
c3 Rd8 12. Qc2 O-O 13. Bf4 Nh5 14. b4 Qb6 15. Be3 Qb5 16. a4 Qc4 17. Rac1 Nf6 18. Nd2 Qxe2 19. Rfe1 Nxb4 20. cxb4 Qa6 21. b5 Qd6 22. Qxc7 Nd5 23. Qxd6 Bxd6 24. Bf2 Bf4 25. Red1 Rc8 26. Rxc8 Rxc8 27. Ne4 b6 28. g3 Be3 29. Bxe3 Nxe3 30. Rd3 Nd5 31. a5 h6 32. axb6 axb6 33. Ra3 Rc1+ 34. Kg2 Rb1 35. Ra7 Rxb5 36. Nd6 Rb2+ 37.
Kg1 f5 38. h4 h5 39. Nf7 f4 40. Ng5 Kf8 41. Nxe6+ Ke8 42. Nxg7+ Kd8 43. Ne6+ Kc8 44.
Nxf4 Nxf4 45. gxf4 Rb4 46. Rh7 Rxd4 47. Rxh5 Rxf4 48.
Kg2 Kc7 49. Kg3 Rf8 50. Rb5 Kc6 51. Rb1 b5 52. h5 Rg8+ 53. Kh4 Rf8 54. h6 Rxf3 55.
Rc1+ Kd5 56. h7 Rf8 57. Rg1 Rh8 58. Rg7 b4 59. Rb7 Kc4 60. Kg4 b3 61. Kf3 b2 62.
Ke2 Rxh7 63. Rb8 Rh2+ 64. Kd1 Kc3 65. Rc8+ Kb3 66. Rb8+ Ka2 67. Ra8+ Kb1 68. Rb8 Rh6 69. Rc8 Rd6+ 70. Ke2 Rd5 71. Ke3 Ka1 72. Ra8+ Kb1 73.
Rb8 Kc2 74. Rc8+ Kb3 75. Rb8+ Kc3 76. Rb7 Rd1 77. Rc7+ Kb3 78. Rb7+ Ka3 79. Ra7+ Kb3 80. Rb7+ Ka2 81. Ra7+ Kb1 82. Rb7 Rd6 83. Rb8 Ra6 84. Kd2 Ka2 85. Kc2 b1=Q+ 86. Rxb1 Rc6+ 87. Kd1 Kxb1 88.
Kd2 Kb2 89. Kd3 Kb3 90. Ke2 Rc3 91. Kd2 Kc4 92. Ke2 Kd4 93. Kd2 Kc4 94. Ke2 Rd3 95. Ke1 Kd4 96. Ke2 Ke4 0-1

[Event "Late-Titled-Tuesday-Blitz-May-28-2024"]
[Site "Chess.com"]
[Date "2024.05.28"]
[Round "8"]
[White "bubeliang"]
[Black "Slovineanu"]
[Result "1/2-1/2"]
[WhiteElo "2782"]
[BlackElo "2556"]
[TimeControl "180+1"]
[EndTime "15:30:34 PDT"]
[Termination "Game drawn - insufficient material"]

1. e4 c6 2. d4 d5 3. exd5 cxd5 4. Bd3 Nc6 5. c3 Nf6 6. h3 g6 7. Nf3 Bf5 8. Be2 e6 9. O-O a6 10. Nbd2 h6 11. Re1 Bd6 12. Nf1 g5 13. Ne3 Be4 14.
Bd3 Rg8 15. Bxe4 dxe4 16. Nd2 h5 17. Qc2 g4 18. hxg4 Nxg4 19. Nxg4 Rxg4 20. Nxe4 Bc7 21. d5 Ne5 22. Qe2 exd5 23. Ng3 Qh4 24. Be3 O-O-O 25. b4 Rdg8 26. b5 axb5 27. a4 Rxg3 28.
fxg3 Qxg3 29. Kf1 Ng4 30. Bg1 Nh2+ 31. Bxh2 Qxh2 32. Qf3 Bg3 33. Red1 Re8 34. Qf5+ Kb8 35. Qh3 Qxh3 36. gxh3 bxa4 37. Rxa4 Re3 38. Rxd5 h4 39.
c4 f6 40. Rf5 Be5 41. Kg2 Rg3+ 42. Kf2 Rxh3 43. Rh5 Rh2+ 44. Kf3 h3 45. Rh7 Rh1 46.
Rb4 h2 47. Rbxb7+ Kc8 48. Ra7 Rf1+ 49. Ke2 h1=Q 50. Rxh1 Rxh1 51. Ra8+ Kc7 52. Rf8 Kc6 53. Kd3 Rh3+ 54. Ke4 Rh4+ 55. Kd3 Rd4+ 56. Ke3 Rxc4 57. Rc8+ Kd5 58. Rd8+ Ke6 59. Rh8 Kf5 60. Kf3 Rc3+ 61.
Ke2 Ke4 62. Rh4+ Bf4 63. Rh7 f5 64. Re7+ Be5 65. Ra7 Rc2+ 66. Kd1 Rh2 67. Ra3 f4 68. Ke1 f3 69. Ra8 Re2+ 70. Kf1 Rb2 71. Re8 Kf4 72.
Re7 Rb5 73. Rd7 Ke3 74. Rd1 Rb2 75. Re1+ Re2 76. Rd1 Bg3 77. Ra1 Rd2 78. Ra3+ Rd3 79. Ra1 Rd5 80. Ra3+ Rd3 81. Ra1 Bf4 82. Re1+ Kd4 83.
Kf2 Bd2 84. Re8 Bb4 85. Rd8+ Kc3 86. Rxd3+ Kxd3 87. Kxf3 1/2-1/2

[Event "Late-Titled-Tuesday-Blitz-May-28-2024"]
[Site "Chess.com"]
[Date "2024.05.28"]
[Round "8"]
[White "Shankland"]
[Black "amintabatabaei"]
[Result "1/2-1/2"]
[WhiteElo "3003"]
[BlackElo "3050"]
[TimeControl "180+1"]
[EndTime "15:31:04 PDT"]
[Termination "Game drawn by 50-move rule"]

1. d4 e6 2. c4 b6 3. Nc3 Bb7 4. a3 Nf6 5. d5 Bd6 6. Nf3 O-O 7. g3 Re8 8. Bg2 c6 9. O-O exd5 10. cxd5 Nxd5 11. Nxd5 cxd5 12. Ng5 Re5 13. Bf4 Rxg5 14. Bxd6 Rg6 15. Bf4 Qf6 16. Qd2 Na6 17. b4 Re8 18. Rac1 Bc6 19. h4 d4 20. h5 Rg4 21. f3 Rxf4 22. Qxf4 Qxf4 23. gxf4 Nc7 24. Kf2 Nb5 25.
Rfd1 Nxa3 26. Rxd4 Nb5 27. Rd3 f6 28. Bh3 Re7 29.
e4 Kf8 30. Bf5 h6 31. Bg6 Re6 32. f5 Re5 33. Rc4 Ke7 34. Ke3 Nd6 35. Rc1 Rb5 36.
Rd4 a5 37. Rcd1 Nb7 38. bxa5 bxa5 39. Bh7 a4 40. Bg8 Ra5 41. Bd5 Bxd5 42. Rxd5 Nc5 43. e5 fxe5 44. Rxe5+ Kf6 45. f4 a3 46. Rd6+ Kf7 47.
Rxd7+ Kf8 48. Rd1 a2 49. Ra1 Ra3+ 50. Ke2 Nb3 51. Re3 Kf7 52. Kd1 Kf6 53. Ke2 Kxf5 54. Rxb3 Rxb3 55. Rxa2 Rh3 56. Ra7 Kf6 57. Ra5 Rh4 58. Kf3 Rh1 59. Ke4 Re1+ 60. Kf3 Re6 61. Rb5 Rd6 62. Ra5 Kf7 63. Rb5 Rc6 64. Ra5 Rb6 65. Rc5 Kf6 66. Kg4 Ra6 67. Rb5 Rd6 68. Rf5+ Ke7 69. Re5+ Kf7 70. Rf5+ Kg8 71. Re5 Rd1 72.
Rf5 Rh1 73. Kf3 Rg1 74. Kf2 Ra1 75. Kf3 Ra2 76. Kg4 Kh7 77. Rb5 Rg2+ 78. Kf3 Rg1 79. Kf2 Rd1 80. Kf3 Rd7 81. Ra5 Kg8 82. Kg4 Kf7 83. Kf5 Rb7 84. Ke5 Rb1 85. Kf5 Rg1 86. Ra7+ Kg8 87. Ra6 Rg3 88. Ra5 Kf7 89. Ra7+ Kf8 90.
Ke6 Kg8 91. Kf5 Rb3 92. Kg6 Rb6+ 93. Kf5 Rb5+ 94. Kg4 Kh7 95. Rc7 Rb1 96. Rc5 Rh1 97. Kf3 Rg1 98. Kf2 Rg4 99. Kf3 Rg1 100. Kf2 Rd1 101. Kf3 Kg8 102. Kg4 Kf7 103. Kf5 Rd7 104. Re5 Ra7 105.
Rb5 1/2-1/2

[Event "Late-Titled-Tuesday-Blitz-May-28-2024"]
[Site "Chess.com"]
[Date "2024.05.28"]
[Round "9"]
[White "jinxy2009"]
[Black "blueryder"]
[Result "0-1"]
[WhiteElo "2277"]
[BlackElo "2171"]
[TimeControl "180+1"]
[EndTime "15:39:34 PDT"]
[Termination "blueryder won by resignation"]

1. c4 a6 2. g3 b5 3. Bg2 Nc6 4.
cxb5 axb5 5. d4 d5 6. Nf3 g6 7. Rf1 Bg7 8. e3 Bf5 9. Ke2 Nf6 10. Re1 Nb4 11. Kf1 Nc2 12. Ne5 Nxa1 13. Qe2 O-O 14. Na3 b4 0-1

[Event "Late-Titled-Tuesday-Blitz-May-28-2024"]
[Site "Chess.com"]
[Date "2024.05.28"]
[Round "9"]
[White "NMChessToImpress"]
[Black "gxbg2000"]
[Result "0-1"]
[WhiteElo "2300"]
[BlackElo "2032"]
[TimeControl "180+1"]
[EndTime "15:39:55 PDT"]
[Termination "gxbg2000 won by resignation"]

1. e4 c5 2. Nf3 d6 3. d4 cxd4 4.
Nxd4 g6 5. Nc3 Bg7 6. Be3 Nf6 7. f3 O-O 8. Qd2 a6 9. Bc4 b5 10. Bb3 Bb7 11. a4 b4 12. Nd5 Nxd5 13. exd5 a5 14. O-O Nd7 15. Kh1 Re8 16. Rfe1 Qc7 17. Nb5 Qd8 18. Bd4 Bxd4 19. Qxd4 Nc5 20. Re3 Rc8 21. Rae1 Qd7 22. Qh4 Nxb3 23. cxb3 Bxd5 24. Rxe7 Rxe7 25. Rxe7 Qxe7 26. Qxe7 0-1

[Event "Late-Titled-Tuesday-Blitz-May-28-2024"]
[Site "Chess.com"]
[Date "2024.05.28"]
[Round "9"]
[White "colegiodemadrid"]
[Black "Bryanl106"]
[Result "0-1"]
[WhiteElo "2522"]
[BlackElo "2698"]
[TimeControl "180+1"]
[EndTime "15:39:59 PDT"]
[Termination "Bryanl106 won by resignation"]

1. d4 Nf6 2. c4 c5 3. Nf3 g6 4. g3 Bg7 5. Bg2 O-O 6. O-O cxd4 7.
Nxd4 Qc7 8. b3 Nc6 9. Bb2 a6 10.
Nc3 d6 11. Rc1 Qa5 12. a3 Bd7 13. b4 Qd8 14. Nd5 Nxd5 15. cxd5 Ne5 16. h3 g5 17. Qd2 h6 18. e4 Rc8 19. f4 Nc4 20. Qf2 Nxb2 21.
Qxb2 Qb6 22. Rcd1 Rc4 0-1